 Dungeon Crawl Stone Soup version bcrawl-1.21.3 (webtiles) character file.

Game seed: 3461892644257683443

7032 funkygono the Destroyer (level 11, -3/94 HPs)
             Began as a Fairy Conjurer on Apr 10, 2020.
             Was a Follower of Vehumet.
             Slain by a death yak (18 damage)
             ... on level 8 of the Dungeon.
             The game lasted 00:24:30 (7417 turns).

funkygono the Destroyer (Fairy Conjurer)            Turns: 7417, Time: 00:24:30

Health: -3/94      AC:  9    Str: 11    XL:     11   Next: 8%
Magic:  18/30      EV: 20    Int: 21    God:    Vehumet [*.....]
Gold:   590        SH:  6    Dex: 14    Spells: 26/36 levels left

rFire    + . .     SeeInvis .   d - staff of conjuration
rCold    x . .     Gourm    .   (shield currently unavailable)
rNeg     . . .     Faith    .   (armour unavailable)
rPois    .         Spirit   .   c - +0 helmet
rElec    .         Reflect  .   I - +0 cloak
rCorr    .         Harm     .   (no gloves)
MR       +....                  z - +0 pair of boots
Stlth    ..........             a - amulet of regeneration
HPRegen  0.65/turn              H - ring of fire
MPRegen  0.22/turn              t - +3 ring of slaying

@: berserking, swift, flying evasively, hasted, very quick
A: small, magic attunement, unstealthy, unfitting armour, able to fly, AC/SH +6
a: Stop Flying, Renounce Religion


You were on level 8 of the Dungeon.
You worshipped Vehumet.
Vehumet was aware of your devotion.
You were hungry.

You visited 2 branches of the dungeon, and saw 9 of its levels.
You also visited: Sewer.

You collected 590 gold pieces.

Inventory:

Hand Weapons
 j - a +1 dagger of venom
 B - a +2 dagger of venom
 F - a +3 quarterstaff of chaos
 J - a +2 short sword of speed
Missiles
 f - 1385 stones (quivered)
 w - 2 throwing nets {!f}
Armour
 c - a +0 helmet (worn)
 z - a +0 pair of boots (worn)
 I - a +0 cloak (worn)
Magical Staves
 d - an uncursed staff of conjuration (weapon)
Jewellery
 a - an amulet of regeneration (around neck)
 r - an uncursed amulet of rage
 t - a +3 ring of slaying (right hand)
 H - a ring of fire (left hand)
Wands
 x - a wand of acid (6)
 A - a wand of polymorph (15)
 C - a wand of flame (38)
Scrolls
 l - 3 scrolls of remove curse
 m - 2 scrolls of blinking
 o - a scroll of fog
 v - 2 scrolls of teleportation
 y - a scroll of identify
 E - a scroll of amnesia
Potions
 b - 2 potions of magic
 g - 2 potions of degeneration {unknown}
 h - a potion of mutation
 i - 3 potions of agility
 k - 2 potions of curing
 n - a potion of ambrosia {unknown}
 p - a potion of flight
 q - a potion of haste
 u - 2 potions of lignification {unknown}
 D - a potion of heal wounds {unknown}
 G - a potion of invisibility {unknown}
 L - a potion of cancellation {unknown}
Comestibles
 e - 16 rations {!d}
 K - 12 chunks of flesh


   Skills:
 + Level 1.4 Fighting
 + Level 6.4 Dodging
 + Level 3.3 Stealth
 + Level 13.0 Spellcasting
 + Level 13.4 Conjurations
 * Level 0.2 Earth Magic


You had 26 spell levels left.
You knew the following spells:

 Your Spells              Type           Power        Failure   Level  Hunger
a - Magic Dart            Conj           ####         0%          1    None
b - Searing Ray           Conj           #######.     1%          2    None
c - Iskenderun's Mystic   Conj           #######.     1%          3    None
d - Inner Flame           Hex/Fire       N/A          4%          3    None
e - Sandblast             Erth           ##....       1%          1    None

Your spell library contained the following spells:

 Spells                   Type           Power        Failure   Level  Hunger
 Fulminant Prism          Conj/Hex       ######....   1%          4    None
 Irradiate                Conj/Tmut      ######....   2%          5    None
 Corona                   Hex            ##.....      4%          1    None
 Shackle                  Hex            ##......     7%          2    None
 Yara's Violent Unravell  Hex/Tmut       ##........   13%         4    None
 False Image              Hex/Summ       ##......     14%         3    None
 Cause Fear               Hex            ##........   43%         4    None


Dungeon Overview and Level Annotations

Branches:
Dungeon (8/12)             Temple (1/1) D:6            Lair (0/6) D:8
    Orc: D:8-11

Altars:
Ashenzari
Cheibriados
Dithmenos
Elyvilon
Fedhas
Gozag
Hepliaklqana
Kikubaaqudgha
Lugonu
Makhleb
Nemelex Xobeh
Okawaru
Qazlal
Ru
Sif Muna
Trog
Uskayaw
Vehumet
Wu Jian
Xom
Yredelemnul
Zin
The Shining One

Shops:
D:7 %


Innate Abilities, Weirdness & Mutations

Your spells do not cause hunger and MP costs are reduced by 1.
Your bright wings attract enemies. (Stealth-)
You cannot fit into any form of body armour.
Your shimmering scales are hard and can block incoming attacks. (AC +6, SH +6)
You are small and have problems with some larger weapons.
You can fly continuously.


Message History

The searing ray hits the death yak!!
The death yak is heavily wounded.
The death yak misses you.
The steam dragon bites you but does no damage.
The steam dragon misses you.
Found a sparkling altar of Nemelex Xobeh.
You barely miss the death yak.
The death yak is moderately wounded.
The death yak misses you. The death yak gores you!!
* * * LOW HITPOINT WARNING * * *
The death yak snorts and paws the ground.
It was a potion of haste.
You feel yourself speed up.
It was a potion of flight.
You feel more buoyant.
It was a potion of berserk rage.
A red film seems to cover your vision as you go berserk!
You feel yourself moving faster!
You feel mighty! You block the death yak's attack. The death yak gores you!!
You die...

÷....##.###...# #.....#....
...)......#....####..........
...######..o.....................
.#..... #..#....................
...###. #o##.##.##.....##.......
#..# #. #.##......####..(....
#... #. ...####...###.......
#.... .. #..........#.......
...... ..# ##@Y....##......... .
.. #YY............... ..
#.###Y..[.........[...
.⌠#...o.Y........[....#.
.._...Y##D#..)##.......##
.⌠.⌠##.##.#...........## .
#..oY.Y....###.....##
....##Y##.....#.......### .
#.o##.....#..........


You could see 6 death yaks, a steam dragon and an orc.

Vanquished Creatures
  Erica (D:8)
  A two-headed ogre (D:8)
  A centaur skeleton (D:7)
  A gargoyle (D:8)
  5 trolls
  Prince Ribbit (D:5)
  2 hippogriffs
  Sigmund (D:6)
  Menkaure (D:4)
  A water moccasin (D:8)
  Duvessa (D:7)
  3 black bears
  2 orc warriors
  A sky beast (D:4)
  4 ogres
  An ice beast (D:5)
  2 phantoms
  The ghost of Lazarus1551 the Stinger, an amateur OnWz of Gozag (D:3)
  2 centaurs
  3 bullfrogs
  Dowan (D:7)
  2 wyvern skeletons
  A scorpion (D:7)
  A howler monkey (D:4)
  A crimson imp (D:7)
  A quasit (D:5)
  A bullfrog zombie (D:8)
  4 hounds
  3 orc wizards
  A gnoll shaman (D:5)
  2 orc priests
  Crazy Yiuf (D:7)
  6 jellies
  A bullfrog skeleton (D:4)
  Ijyb (D:5)
  An iguana (D:8)
  2 worker ants (D:5)
  A hound zombie (D:7)
  2 worker ant zombies
  10 gnolls
  9 adders
  11 river rats (D:5)
  14 oozes
  An adder zombie (D:6)
  An adder skeleton (D:4)
  6 worms
  A dart slug (D:3)
  21 leopard geckos
  23 orcs
  16 giant cockroaches
  5 hobgoblins
  11 jackals
  9 quokkas
  16 ball pythons (Sewer)
  3 bats
  15 frilled lizards
  5 goblins
  A jackal zombie (D:6)
  11 kobolds
  32 rats
289 creatures vanquished.

Vanquished Creatures (others)
  3 fungi (D:3)
  8 toadstools (D:3)
11 creatures vanquished.

Grand Total: 300 creatures vanquished

Notes
Turn   | Place    | Note
-------+----------+-------------------------------------------
     0 | D:1      | funkygono the Fairy Conjurer began the quest for the Orb.
     0 | D:1      | Reached XP level 1. HP: 11/11 MP: 6/6
   119 | D:1      | Reached skill level 5 in Conjurations
   177 | D:1      | Reached XP level 2. HP: 17/17 MP: 7/7
   181 | D:1      | Learned a level 2 spell: Searing Ray
   814 | D:2      | Reached XP level 3. HP: 21/21 MP: 1/9
   819 | D:2      | Learned a level 3 spell: Iskenderun's Mystic Blast
  1149 | D:2      | Reached XP level 4. HP: 27/27 MP: 11/11
  1235 | D:2      | Found a shimmering altar of Xom.
  1674 | D:3      | Found a runed translucent gate.
  1674 | D:3      | Found a runed translucent gate.
  1674 | D:3      | Found a runed translucent gate.
  1674 | D:3      | Noticed Lazarus1551's ghost (amateur OnWz)
  1817 | D:3      | Reached XP level 5. HP: 31/31 MP: 11/13
  2017 | D:3      | Reached XP level 6. HP: 36/36 MP: 6/15
  2066 | D:3      | Reached skill level 5 in Spellcasting
  2543 | D:3      | Killed Lazarus1551's ghost
  2771 | D:4      | Found a shimmering blue altar of Sif Muna.
  2789 | D:4      | Reached XP level 7. HP: 41/41 MP: 15/17
  2932 | D:4      | Noticed Menkaure
  2936 | D:4      | Killed Menkaure
  2999 | D:4      | Found an opulent altar of Gozag.
  3202 | D:5      | Entered Level 5 of the Dungeon
  3248 | D:5      | Found an ancient bone altar of Kikubaaqudgha.
  3399 | D:5      | Reached XP level 8. HP: 44/46 MP: 17/21
  3487 | D:5      | Noticed Prince Ribbit
  3493 | D:5      | Killed Prince Ribbit
  4242 | D:5      | Noticed Ijyb
  4248 | D:5      | Killed Ijyb
  4464 | D:6      | Found a staircase to the Ecumenical Temple.
  4465 | D:6      | Reached skill level 10 in Conjurations
  4465 | D:6      | Reached XP level 9. HP: 37/52 MP: 24/24
  4467 | D:6      | Noticed a troll
  4481 | D:6      | Killed a troll
  4543 | D:6      | Found a glowing drain.
  4581 | Sewer    | Entered a sewer
  4754 | Sewer    | Reached skill level 10 in Spellcasting
  5200 | D:6      | Noticed Sigmund
  5206 | D:6      | Killed Sigmund
  5217 | D:6      | Noticed a troll
  5225 | D:6      | Killed a troll
  5269 | D:6      | Found an opulent altar of Gozag.
  5752 | Temple   | Entered the Ecumenical Temple
  5758 | Temple   | Became a worshipper of Vehumet
  5771 | D:6      | Learned a level 3 spell: Inner Flame
  5864 | D:7      | Reached XP level 10. HP: 57/57 MP: 20/26
  5979 | D:7      | Reached skill level 5 in Dodging
  6088 | D:7      | Found a runed door.
  6219 | D:7      | Noticed Crazy Yiuf
  6223 | D:7      | Killed Crazy Yiuf
  6312 | D:7      | Found Zeatapn's Food Shoppe.
  6366 | D:7      | Noticed Duvessa
  6366 | D:7      | Noticed Dowan
  6372 | D:7      | Killed Duvessa
  6372 | D:7      | Reached skill level 1 in Fighting
  6376 | D:7      | Killed Dowan
  6447 | D:7      | Found a blossoming altar of Fedhas.
  6450 | D:7      | Found a corrupted altar of Lugonu.
  6463 | D:7      | Found a shadowy altar of Dithmenos.
  6795 | D:8      | Noticed a gargoyle
  6842 | D:8      | Noticed Erica
  6845 | D:8      | Killed Erica
  6937 | D:8      | Noticed a two-headed ogre
  6945 | D:8      | Killed a two-headed ogre
  7101 | D:8      | Killed a gargoyle
  7101 | D:8      | Reached XP level 11. HP: 46/63 MP: 18/29
  7107 | D:8      | Reached * piety under Vehumet
  7107 | D:8      | Offered knowledge of Sandblast by Vehumet.
  7267 | D:8      | Learned a level 1 spell: Sandblast
  7372 | D:8      | Found a staircase to the Lair.
  7372 | D:8      | Noticed a death yak
  7372 | D:8      | Noticed a death yak
  7373 | D:8      | Noticed a death yak
  7373 | D:8      | Noticed a death yak
  7373 | D:8      | Noticed a death yak
  7375 | D:8      | Noticed a death yak
  7410 | D:8      | Found a sparkling altar of Nemelex Xobeh.
  7417 | D:8      | Slain by a death yak

Skill      XL: |  1  2  3  4  5  6  7  8  9 10 11 |
---------------+----------------------------------+-----
Conjurations   | 5 6 7 8 10 11 13 | 13.4
Spellcasting   | 3 4 5 7 9 10 12 13 | 13.0
Dodging        | 3 4 6 |  6.4
Stealth        | 2 3 |  3.3
Fighting       | 1 |  1.4
Earth Magic    | |  0.2

Action                   |  1- 3 |  4- 6 |  7- 9 | 10-12 || total
-------------------------+-------+-------+-------+-------++-------
Melee: Staff             |       |       |     1 |     3 ||     4
       Dagger            |       |       |     1 |       ||     1
       Unarmed           |       |       |       |     6 ||     6
 Cast: Magic Dart        |    47 |    91 |   223 |    37 ||   398
       Searing Ray       |     5 |    11 |    34 |    22 ||    72
       Iskenderun's Myst |       |     1 |    20 |    17 ||    38
       Sandblast         |       |       |       |     8 ||     8
       Inner Flame       |       |       |       |     2 ||     2
  Use: Scroll            |     3 |     5 |     2 |     2 ||    12
       Potion            |       |       |       |     3 ||     3
  Eat: Chunk             |     1 |     3 |     7 |     1 ||    12
       Ration            |       |     1 |       |     1 ||     2
Armor: Skin              |       |     3 |    11 |    10 ||    24
Dodge: Dodged            |    11 |    28 |    49 |    67 ||   155
Block: Other             |       |     7 |    20 |    29 ||    56
